 Dungeon Sprint DCSS version 0.29-a0-1033-gb6c65ffae6 (webtiles) character file.

Game seed: 12681065926491313670

612 mhtbhm the Thaumaturge (level 7, -10/36 HPs)
             Began as a Deep Elf Fire Elementalist on Aug 14, 2022.
             Mangled by an ice devil (14 damage)
             ... summoned by a kobold demonologist
             ... in the Dungeon (Sprint III: "The Ten Rune Challenge").
             The game lasted 00:02:13 (552 turns).

mhtbhm the Thaumaturge (Deep Elf Fire Elementalist)  Turns: 552, Time: 00:02:15

Health: -10/36     AC:  2    Str:  5      XL:     7   Next: 20%
Magic:  19/24      EV: 14    Int: 22      God:
Gold:   19         SH:  0    Dex: 13 (15) Spells: 17/30 levels left

rFire   . . .      SeeInvis .   (no weapon)
rCold   . . .      Faith    .   (no shield)
rNeg    . . .      Spirit   .   a - +0 robe
rPois   .          Reflect  .   (helmet restricted)
rElec   .          Harm     .   (no cloak)
rCorr   .          Rampage  .   (no gloves)
Will    .....      NoTele   +   (no boots)
Stlth   +++.......              (no amulet)
HPRegen 0.12/turn               (no ring)
MPRegen 0.19/turn               (no ring)

@: no status effects
A: beak
a: no special abilities


You were in the Dungeon.
You visited 1 branch You collected 19 gold pieces.

Inventory:

Missiles
 i - 3 javelins
Armour
 a - a +0 robe (worn)
Wands
 p - a wand of roots (4)
Scrolls
 h - a scroll of amnesia {unknown}
 k - a scroll of poison {unknown}
 l - 3 scrolls of identify
 n - a scroll of immolation {unknown}
Potions
 b - 2 potions of magic
 c - a potion of curing
 e - 2 potions of haste
 f - a potion of berserk rage
 j - a potion of mutation
 m - 3 potions of flight
 o - a potion of cancellation {unknown}


   Skills:
 + Level 5.9 Dodging
 + Level 4.8 Stealth
 + Level 12.3 Spellcasting
 + Level 4.5 Conjurations
 + Level 11.9 Fire Magic


You had 17 spell levels left.
You knew the following spells:

 Your Spells              Type           Power      Damage    Failure   Level
a - Foxfire               Conj/Fire      100%       2x1d9     1%          1
b - Scorch                Fire           100%       2d10      1%          2
c - Conjure Flame         Conj/Fire      50%        6-21      1%          3
d - Inner Flame           Hex/Fire       39%        N/A       1%          3
e - Flame Wave            Conj/Fire      50%        2d12      1%          4

Your spell library contained the following spells:

 Spells                   Type           Power      Damage    Failure   Level


Dungeon Overview and Level Annotations

Branches:
Dungeon (1/1)

Altars:
Dithmenos
Elyvilon
Kikubaaqudgha
Ru
Sif Muna
Vehumet
Yredelemnul
Zin
The Shining One


Innate Abilities, Weirdness & Mutations

You have a beak for a mouth.


Message History

Okay, then.
You feel much better.
The quasit disappears in a puff of smoke!
The kobold demonologist is no longer more vulnerable to fire.
The hellwing hits you! The hellwing hits you.
The kobold demonologist looks satisfied for a moment.
Casting: Foxfire (safe; 1% risk of failure)
Confirm with . or Enter, or press ? or * to list all spells.
Flames lash the hellwing.
The hellwing is moderately wounded.
The hellwing's fire resistance burns away.
The hellwing completely misses you. The hellwing hits you!
* * * LOW HITPOINT WARNING * * *
Casting: Scorch (safe; 1% risk of failure)
Confirm with . or Enter, or press ? or * to list all spells.
Okay, then.
Okay, then.
Blink to where?
Press: ? - help, Dir - move target
As you read the scroll of blinking, it crumbles to dust.
Okay, then.
There is an open door here.
As you close the door, it creaks loudly!
This spell is dangerous to cast!
Memorise Flame Wave, consuming 4 spell levels and leaving 17?
You start memorising the spell.
You continue memorising. x4
You finish memorising.
Spell assigned to 'e'.
Casting: Scorch (safe; 1% risk of failure)
Confirm with . or Enter, or press ? or * to list all spells.
Casting: Flame Wave (dangerous; 1% risk of failure)
Press: ? - help, Dir - look around, f - activate A wave of flame ripples out! (Press . to intensify the flame waves.)
A wave of flame ripples out!
The flame wave engulfs the ice devil!
The ice devil is burned terribly!
The ice devil is moderately wounded.
The ice devil hits you!
* * * LOW HITPOINT WARNING * * *
The ice devil freezes you!
You die...

▓▓▓ # ##.##### ####
#####..#___# #__#
.#..#..#!..# #@_#
.#..#..###'#+###4##
.##'#..#..4.......#
.###...'.⌠........#
####...#..)######+#
###....#4⌠.#
##.....#...#
#......#)###
.#.....#K:


You could see an ice devil (summoned).

Vanquished Creatures
  A deep elf pyromancer (D)
  A necrophage (D)
  A water elemental (D)
  Jessica (D)
  A wizard (D)
  A necromancer (D)
  A human (D)
  A phantom (D)
  An endoplasm (D)
  2 rats (D)
11 creatures vanquished.

Vanquished Creatures (others)
  30 foxfires (D)
30 creatures vanquished.

Grand Total: 41 creatures vanquished

Notes
Turn   | Place    | Note
-------+----------+-------------------------------------------
     0 | D        | mhtbhm the Deep Elf Fire Elementalist began the quest for
                  | the Orb.
     0 | D        | Reached XP level 1. HP: 10/10 MP: 6/6
   175 | D        | Noticed Jessica
   180 | D        | Killed Jessica
   181 | D        | Reached skill level 4 in Spellcasting
   181 | D        | Reached skill level 5 in Fire Magic
   181 | D        | Reached XP level 2. HP: 15/15 MP: 1/9
   181 | D        | Reached XP level 3. HP: 19/19 MP: 1/11
   187 | D        | Learned a level 2 spell: Scorch
   191 | D        | Learned a level 3 spell: Conjure Flame
   195 | D        | Learned a level 3 spell: Inner Flame
   274 | D        | Reached skill level 5 in Spellcasting
   354 | D        | Gained mutation: Your magical capacity is low. (-10% MP)
                  | [potion of mutation]
   354 | D        | Gained mutation: You have a pair of small horns on your
                  | head. [potion of mutation]
   358 | D        | Lost mutation: You have a pair of small horns on your head.
                  | [potion of mutation]
   358 | D        | Lost mutation: Your magical capacity is low. (-10% MP)
                  | [potion of mutation]
   358 | D        | Gained mutation: You have a beak for a mouth. [potion of
                  | mutation]
   366 | D        | Noticed a water elemental
   369 | D        | Killed a water elemental
   370 | D        | Reached skill level 7 in Spellcasting
   370 | D        | Reached XP level 4. HP: 24/24 MP: 5/15
   451 | D        | Found a shadowy altar of Dithmenos.
   451 | D        | Noticed a necrophage
   454 | D        | Killed a necrophage
   455 | D        | Reached skill level 8 in Spellcasting
   455 | D        | Reached XP level 5. HP: 28/28 MP: 11/17
   456 | D        | Found a basalt altar of Yredelemnul.
   456 | D        | Found a sacrificial altar of Ru.
   517 | D        | Found a glowing silver altar of Zin.
   517 | D        | Found a glowing golden altar of the Shining One.
   517 | D        | Found a white marble altar of Elyvilon.
   517 | D        | Noticed a deep elf pyromancer
   520 | D        | Killed a deep elf pyromancer
   521 | D        | Reached skill level 5 in Dodging
   521 | D        | Reached skill level 12 in Spellcasting
   521 | D        | Reached XP level 6. HP: 32/32 MP: 13/23
   521 | D        | Reached XP level 7. HP: 36/36 MP: 13/24
   526 | D        | Found a radiant altar of Vehumet.
   526 | D        | Found a shimmering blue altar of Sif Muna.
   526 | D        | Found an ancient bone altar of Kikubaaqudgha.
   533 | D        | Noticed a hellwing
   536 | D        | Noticed an ice devil
   551 | D        | Learned a level 4 spell: Flame Wave
   552 | D        | Mangled by an ice devil

Illustrated notes

Levels and vault maps discovered:
D:        dungeon_sprint_mu [sprint_mu_entry_cave, sprint_mu_temple_rooms,
          sprint_mu_d1_spiders, sprint_mu_d2_genie, sprint_mu_d3_branching,
          sprint_mu_orc_legion, sprint_mu_elf_gauntlet, sprint_mu_hive_nellie,
          sprint_mu_lair_fedhas, sprint_mu_vaults_butterflies,
          sprint_mu_slime_circle, sprint_mu_swamp_cave, sprint_mu_shoals_kraken,
          sprint_mu_blade_basic, sprint_mu_crypt_chambers,
          sprint_mu_tomb_spiral, sprint_mu_vestibule_basic,
          sprint_mu_gehenna_hellfire, sprint_mu_dis_giant,
          sprint_mu_tartarus_statrot, sprint_mu_cocytus_islands, sprint_mu_zot1]

Skill      XL: |  1  2  3  4  5 |
---------------+----------------+-----
Fire Magic     | 5 7 8 11 | 11.9
Dodging        | 3 4 5 |  5.9
Stealth        | 3 4 |  4.8
Spellcasting   | 4 7 8 12 | 12.3
Conjurations   | 2 3 4 |  4.5

Action                   |  1- 3 |  4- 6 |  7- 9 || total
-------------------------+-------+-------+-------++-------
Melee: Unarmed           |     1 |       |       ||     1
 Cast: Foxfire           |    15 |       |     5 ||    20
       Scorch            |     8 |     6 |     6 ||    20
       Flame Wave        |       |       |     1 ||     1
Evoke: Wand              |       |       |     1 ||     1
  Use: Potion            |     2 |       |     2 ||     4
       Scroll            |       |       |     1 ||     1
Armor: Robe              |     1 |       |    11 ||    12
Dodge: Dodged            |     4 |     2 |    22 ||    28

Table legend: (Time is in decaauts)
 A = Elapsed time spent in this place.
 B = Non-inter-level travel time spent in this place.
 C = Inter-level travel time spent in this place.
 D = Time resting spent in this place.
 E = Time spent auto-exploring this place.
 F = Levels seen in this place.
 G = Mean time per level.
                   A        B        C        D        E       F      G
               +--------+--------+--------+--------+--------+-----+--------+
         Total |    552 |    552 |      0 |    266 |    116 |   1 |  552.0 |
       Dungeon |    552 |    552 |      0 |    266 |    116 |   1 |  552.0 |
               +--------+--------+--------+--------+--------+-----+--------+

Top non-repeatable levels by time:
       D: 552 daAuts
